AoeStats
← Chigüiro

Lombardia

509733072Analyzed
4v4 RM · 4d ago on Sep 27, 2026· 12m 19s· 8 players
Game mode
Random Map
Map size
Large (8 player)
Population
200
Speed
Normal
Resources
Standard
Victory
Conquest
Starting age
Dark Age
Ending age
Imperial Age
RankedLock teamsTeams togetherTeam positionsShared explorationLock speedFull tech treeHidden civsTurbo modeCheats
Victory
Defeat
🇦🇷 Persians · Argentina
1706
+19
🇦🇷 Mongols · Argentina
1699
+19
🇦🇷 Bengalis · Argentina
1663
+21
🇦🇷 Georgians · Argentina
1583
+23
🇦🇺 Varangians · Australia
1887
-25
🇹🇷 Britons · Türkiye
1855
-24
🇨🇿 Dravidians · Czechia
1725
-19
🇨🇴 Hindustanis · Colombia
1597
-14
Franczesco
8:43 Loom
10:29 Feudal Age
11:09 Feudal Age
Chigüiro
8:46 Feudal Age
9:13 Loom
11:02 Double-Bit Axe
Kukuro
8:57 Feudal Age
9:02 Loom
10:07 Double-Bit Axe
0653599
10:13 Feudal Age
[Ne0] Nicolas del Caño
5:21 Loom
5:56 Loom
8:22 Feudal Age
9:17 Double-Bit Axe
9:48 Horse Collar
[Ne0] Carlos Menem
9:16 Loom
12:26 Feudal Age
[Ne0] Fidel Castro
9:13 Loom
10:59 Feudal Age
[Ne0] Javier Milei
5:49 Loom
8:28 Feudal Age
9:01 Double-Bit Axe
Connection lost

Rejoining the realm…

Still unreachable

The connection could not be restored.

Session expired

The server has moved on; the page needs a fresh start.